 Dungeon Crawl Stone Soup version 0.20-a0-555-gf6ae02d (webtiles) character file.

1180 Lahna the Skirmisher (level 8, -4/78 HPs)
             Began as a Naga Fighter on Feb 4, 2017.
             Was a Believer of Cheibriados.
             Slain by an orc warrior
             ... wielding a +0 glaive
              (16 damage)
             ... on level 6 of the Dungeon.
             The game lasted 00:09:02 (4948 turns).

Lahna the Skirmisher (Naga Fighter)                 Turns: 4948, Time: 00:09:03

Health: -4/78      AC: 12    Str: 24    XL:     8   Next: 42%
Magic:  10/10      EV:  4    Int: 14    God:    Cheibriados [**....]
Gold:   283        SH: 10    Dex: 14    Spells: 7/7 levels left

rFire    . . .     SeeInvis +   a - +0 long sword
rCold    . . .     Gourm    +   t - +0 chain mail
rNeg     . . .     Faith    .   c - +0 shield
rPois    +         Spirit   .   (no helmet)
rElec    .         Reflect  .   w - +0 cloak
rCorr    .         Harm     .   g - +2 pair of gloves
MR       +....                  (no barding)
Stlth    ..........             n - amulet of the gourmand
Regen    0.3/turn               (no ring)
                                d - ring of stealth

@: very slow
A: see invisible, deformed body, poison resistance, slowness 2, slow metabolism
1, spit poison 1, AC +2
a: Spit Poison, Bend Time, Renounce Religion


You were on level 6 of the Dungeon.
You worshipped Cheibriados.
Cheibriados was pleased with you.
You were completely stuffed.

You visited 2 branches of the dungeon, and saw 7 of its levels.

You collected 283 gold pieces.

Inventory:

Hand Weapons
 a - a +0 long sword (weapon)
Armour
 b - a +0 scale mail
 c - a +0 shield (worn)
 g - a +2 pair of gloves (worn)
 t - a +0 chain mail (worn)
 w - a +0 cloak (worn)
Jewellery
 d - a ring of stealth (left hand)
 n - an amulet of the gourmand (around neck)
Scrolls
 l - a scroll of amnesia {unknown}
 m - 2 scrolls of remove curse
 x - a scroll of teleportation {unknown}
Potions
 e - 2 potions of heal wounds
 j - a potion of cure mutation
 k - a potion of curing {unknown}
 p - a potion of resistance {unknown}
 r - a potion of ambrosia {unknown}
 u - a potion of lignification {unknown}
 B - a potion of flight {unknown}
Books
 q - a book of Misfortune

   Spells                             Type                      Level
   a - Confusing Touch                Hexes                        1
   b - Confuse                        Hexes                        3
   c - Gell's Gravitas                Hexes/Translocation          3
   d - Petrify                        Transmutation/Earth          4
   e - Metabolic Englaciation         Hexes/Ice                    5
   f - Yara's Violent Unravelling     Hexes/Transmutation          5
 v - a book of Callings

   Spells                             Type                      Level
   a - Summon Small Mammal            Summoning                    1
   b - Call Imp                       Summoning                    2
   c - Call Canine Familiar           Summoning                    3
   d - Summon Guardian Golem          Hexes/Summoning              3
   e - Summon Lightning Spire         Summoning/Air                4
   f - Summon Ice Beast               Ice/Summoning                4
 y - a book of Alchemy

   Spells                             Type                      Level
   a - Sublimation of Blood           Necromancy                   2
   b - Ignite Poison                  Fire/Transmutation/Poison    3
   c - Petrify                        Transmutation/Earth          4
   d - Alistair's Intoxication        Transmutation/Poison         5
   e - Irradiate                      Conjuration/Transmutation    5
Comestibles
 f - 4 bread rations
 h - 6 fruits
 C - a meat ration


   Skills:
 + Level 6.5 Fighting
 + Level 6.3 Long Blades
 + Level 3.2 Armour
 + Level 3.1 Shields
 + Level 3.4 Invocations


You had 7 spell levels left.
You didn't know any spells.

Dungeon Overview and Level Annotations

Branches:
Dungeon (6/15)             Temple (1/1) D:4

Altars:
Ashenzari
Cheibriados
Dithmenos
Elyvilon
Fedhas
Hepliaklqana
Okawaru
Ru
Vehumet
Yredelemnul
Zin

Shops:
D:5 %


Innate Abilities, Weirdness & Mutations

You cannot wear boots.
Your serpentine skin is tough. (AC +2)
You have supernaturally acute eyesight. (SInv)
Armour fits poorly on your strangely shaped body.
Your system is resistant to poisons. (rPois)
You cover ground very slowly.
You have a slow metabolism.
You can spit poison.


Message History

You block the orc's attack.
The orc warrior hits you but does no damage.
You barely miss the orc.
The orc is lightly wounded.
You block the orc's attack.
You hit the orc.
The orc is heavily wounded.
The orc warrior hits you from afar with a glaive!
* * * LOW HITPOINT WARNING * * *
The orc hits you but does no damage.
You slash the orc!
You kill the orc!
Cheibriados appreciates the change of pace.
The orc warrior hits you from afar with a glaive.
* * * LOW HITPOINT WARNING * * *
The orc warrior hits you from afar with a glaive!
* * * LOW HITPOINT WARNING * * *
You see here a bread ration.
The orc warrior hits you from afar with a glaive!
You die...

#.## #.# #.#
...###.# #.#
(...##.#
###.#####
........
.###.......#
.....###
..o.o<...##.#
...#.#
..###.##)#
)#...# #. #o#
...### #. #%#
#.#######..#
# #@#
............
#.#
....#####..#
#.# .##.####
#.# .......#
#.#
.##.##.....
#.# .##.#
#..# #.#
.##.# .. ..#
.##..


You could see an orc warrior.

Vanquished Creatures
  The ghost of Lahna the Skirmisher, an amateur DsMo (D:4)
  An ogre (D:5)
  2 centaurs
  A bullfrog (D:6)
  A scorpion (D:4)
  A howler monkey (D:5)
  3 crimson imps (D:5)
  2 orc priests
  3 orc wizards
  2 jellies (D:6)
  4 worker ants (D:4)
  9 adders
  3 worms
  10 dart slugs
  2 leopard geckos
  8 orcs
  4 bats
  4 giant cockroaches
  4 goblins
  8 hobgoblins
  6 jackals
  3 quokkas
  4 frilled lizards
  A jackal zombie (D:6)
  3 kobolds
  A quokka skeleton (D:4)
  8 rats
99 creatures vanquished.

Vanquished Creatures (others)
  A bat (D:3)
1 creature vanquished.

Grand Total: 100 creatures vanquished

Notes
Turn   | Place    | Note
-------+----------+-------------------------------------------
     0 | D:1      | Lahna the Naga Fighter began the quest for the Orb.
     0 | D:1      | Reached XP level 1. HP: 21/21 MP: 1/1
   385 | D:1      | Reached XP level 2. HP: 26/28 MP: 2/2
  1109 | D:2      | Found a shadowy altar of Dithmenos.
  1121 | D:2      | Reached XP level 3. HP: 23/34 MP: 3/3
  1924 | D:3      | Reached XP level 4. HP: 31/44 MP: 4/4
  2066 | D:3      | Noticed a centaur
  2073 | D:3      | Killed a centaur
  2073 | D:3      | Reached XP level 5. HP: 30/51 MP: 5/5
  2588 | D:4      | Found a staircase to the Ecumenical Temple.
  2604 | D:4      | Reached skill level 5 in Fighting
  2604 | D:4      | Reached XP level 6. HP: 45/61 MP: 6/6
  2608 | D:4      | Noticed Lahna's ghost (amateur DsMo)
  2610 | Temple   | Entered the Ecumenical Temple
  2620 | Temple   | Became a worshipper of Cheibriados the Contemplative
  2666 | D:4      | Killed Lahna's ghost
  2666 | D:4      | Reached skill level 5 in Long Blades
  2666 | D:4      | Reached XP level 7. HP: 12/67 MP: 7/7
  3357 | D:4      | Reached skill level 1 in Invocations
  3636 | D:5      | Entered Level 5 of the Dungeon
  3998 | D:5      | Reached * piety under Cheibriados
  4057 | D:5      | Reached XP level 8. HP: 73/76 MP: 9/9
  4086 | D:5      | Found Yseugan's Food Emporium.
  4687 | D:6      | Reached ** piety under Cheibriados
  4948 | D:6      | Slain by an orc warrior

Vault maps used:
D:1:      roderic_crossed_star
D:2:      minmay_misc_feat_four_crosses, nicolae_dithmenos_shadow_blocks
D:3:      lemuel_flame_loot_1
D:4:      temple_fountains, kennysheep_another_room
D:5:      kennysheep_slugbush, first_bread, serial_shops, shop_statue
Temple:   grunt_wide_crystal_templ

Skill      XL: |  1  2  3  4  5  6  7  8 |
---------------+-------------------------+-----
Long Blades    | 3 4 5 6 |  6.3
Fighting       | 4 5 6 |  6.5
Armour         | 3 |  3.2
Shields        | 3 |  3.1
Invocations    | 2 3 |  3.4

Action                   |  1- 3 |  4- 6 |  7- 9 || total
-------------------------+-------+-------+-------++-------
Melee: Long sword        |   129 |   142 |   258 ||   529
  Use: Potion            |       |     1 |       ||     1
       Scroll            |       |       |     6 ||     6
  Eat: Chunk             |     8 |     9 |     6 ||    23
Armor: Scale mail        |    59 |    78 |   123 ||   260
       Chain mail        |       |       |    48 ||    48
Dodge: Dodged            |    33 |    25 |    40 ||    98
Block: Shield            |    69 |    69 |   131 ||   269
       Rpst.: Long sword |     5 |     7 |    15 ||    27
